 Dungeon Crawl Stone Soup version 0.21.0-3-g78d12a8 (webtiles) character file.

13517 Flooderbenga the Spear-Bearer (level 11, -8/87 HPs)
             Began as a Demonspawn Gladiator on Jan 13, 2018.
             Was a Priest of Yredelemnul.
             Mangled by a spiny frog (19 damage)
             ... on level 1 of the Lair of Beasts.
             The game lasted 01:30:23 (13952 turns).

Flooderbenga the Spear-Bearer (DsGl)               Turns: 13952, Time: 01:30:24

Health: -8/87      AC: 11    Str: 22    XL:     11   Next: 76%
Magic:  0/15       EV: 16    Int: 12    God:    Yredelemnul [***...]
Gold:   258        SH:  0    Dex: 15    Spells: 10/10 levels left

rFire    + . .     SeeInvis .   a - +2 glaive (flame)
rCold    . . .     Gourm    .   (shield currently unavailable)
rNeg     . . .     Faith    +   P - +0 troll leather armour {Purgy}
rPois    +         Spirit   +   (helmet restricted)
rElec    +         Reflect  .   R - scarf {Spirit}
rCorr    +         Harm     .   t - +2 pair of gloves {archery}
MR       .....                  k - +0 pair of boots (curse)
Stlth    +++++.....             B - amulet of faith
HPRegen  0.64/turn              L - +5 ring of strength
MPRegen  0.14/turn              V - ring "Ashricw" {rCorr rElec rPois Int+2}

@: no status effects
A: horns 1, molten scales 1, blink, demonic guardian 1, fire resistance 1,
nightstalker 3
a: Blink, Recall Undead Slaves, Injury Mirror, Animate Dead, Renounce Religion


You were on level 1 of the Lair of Beasts.
You worshipped Yredelemnul.
Yredelemnul was most pleased with you.
You were hungry.

You visited 3 branches of the dungeon, and saw 14 of its levels.
You also visited: Sewer.

You collected 600 gold pieces.
You spent 342 gold pieces at shops.

Inventory:

Hand Weapons
 a - a +2 glaive of flaming (weapon)
 b - a +0 spear of venom
 w - a +3 halberd of freezing
Missiles
 d - 2 throwing nets {!f}
 x - 4 tomahawks (quivered)
Armour
 k - a cursed +0 pair of boots (worn)
 t - a +2 pair of gloves of archery (worn)
 E - a +0 buckler
 P - a +0 troll leather armour (worn) {Purgy}
 R - a scarf of spirit shield (worn)
Jewellery
 o - an uncursed amulet of magic regeneration {unknown}
 B - an amulet of faith (around neck)
 K - an uncursed ring of see invisible
 L - a +5 ring of strength (left hand)
 S - an uncursed ring of protection from fire
 V - the ring "Ashricw" (right hand) {rCorr rElec rPois Int+2}
   (You took it off an orc on level 8 of the Dungeon)

   [ring of resist corrosion]

   It affects your intelligence (+2).
   It insulates you from electricity.
   It protects you from poison.
Wands
 C - a wand of iceblast (7)
 F - a wand of digging (22) {@v4}
Scrolls
 h - 2 scrolls of remove curse {@r2}
 p - 5 scrolls of enchant weapon
 r - 2 scrolls of identify {@r1}
 u - 2 scrolls of teleportation {@r3}
 y - 2 scrolls of blinking {@r4}
 A - 4 scrolls of enchant armour
 D - 4 scrolls of fear {@r5}
 G - a scroll of fog {@r4}
 J - a scroll of vulnerability
 M - 3 scrolls of immolation
 Y - a scroll of magic mapping
Potions
 c - a potion of flight
 l - a potion of brilliance
 q - 5 potions of curing {@q1}
 v - a potion of magic
 z - 2 potions of agility {@q5}
 I - a potion of resistance
 O - 2 potions of mutation
 Q - 2 potions of cancellation
 X - 2 potions of might {@q4}
Miscellaneous
 W - a box of beasts
Comestibles
 f - 22 rations


   Skills:
 + Level 8.6 Fighting
 * Level 10.5 Polearms
 - Level 1.7 Throwing
 + Level 7.0 Armour
 + Level 7.0 Dodging
 - Level 3.0 Stealth
 - Level 4.0 Shields
 * Level 6.2 Invocations
 - Level 3.0 Evocations


You had 10 spell levels left.
You didn't know any spells.

Dungeon Overview and Level Annotations

Branches:
Dungeon (12/15)            Temple (1/1) D:7            Lair (1/6) D:8
    Orc (0/2) D:12

Altars:
Ashenzari
Cheibriados
Dithmenos
Elyvilon
Fedhas
Gozag
Hepliaklqana
Kikubaaqudgha
Makhleb
Nemelex Xobeh
Okawaru
Qazlal
Ru
Sif Muna
Trog
Uskayaw
Vehumet
Wu Jian
Xom
Yredelemnul
Zin
The Shining One
Beogh

Shops:
D:11 (

Annotations:
D:7 Joseph
D:9 Erica
D:10 4 runed doors
D:12 Rupert


Innate Abilities, Weirdness & Mutations

You have a pair of small horns on your head.
You are partially covered in molten scales. (AC +2)
A weak demonic guardian rushes to your aid.
You are completely attuned to the shadows.
You can translocate small distances at will.
Your flesh is heat resistant. (rF+)


Message History

You closely miss the spiny frog. Your headbutt misses the spiny frog.
The spiny frog stings you but does no damage.
You barely miss the spiny frog. You headbutt the spiny frog.
The spiny frog stings you!
The spiny frog stings you but does no damage.
You take 8 damage, and have 27/87 hp.
You now have 4/15 mp.
You completely miss the spiny frog. The spiny frog stings you.
* * * LOW HITPOINT WARNING * * *
You are poisoned.
The spiny frog poisons you!
You take 4 damage, and have 23/87 hp.
You closely miss the spiny frog. You headbutt the spiny frog.
You feel sick. The spiny frog barely misses you. The spiny frog stings you!!
* * * LOW HITPOINT WARNING * * *
You take 18 damage, and have 5/87 hp.
MASSIVE DAMAGE!!
You now have 2/15 mp.
You feel better. The spiny frog misses you.
You regained 5 hp, and now have 10/87 hp.
You barely miss the spiny frog. The spiny frog stings you!!
You die...
Your body rises from the dead as a mindless zombie.

*,,*
**,,,#Ylk..#*,,,**
*,,* *,,,##.<.##**,**
,,,* **,,*##.## *,*
*,,** *.?###.# *,*
*,,,* **#.....#####.*
*,,****,##..#%†#....*
*,,,,,,,......#..##**
*,,*****#####.##FP#**
**,* #.###.##@##.*
**,* *#...........#
*,,*****..###..#.##.#
,,,,**,*,,* #....#*,#
,**,,*,,*,**#.##.#*,**
***,,,,**,,*#..*.#*,,*
***,,,,,,,..#*,#*,,*
*,**,,*****,,**,,*
*,**,,,* *,,,**,**


You could see a spiny frog.

Vanquished Creatures
  A hydra (D:12)
  2 two-headed ogres
  2 cyclopes (D:11)
  A komodo dragon (Lair:1)
  A queen bee (D:9)
  2 trolls
  A hippogriff (Lair:1)
  Grinder (D:3)
  Sigmund (D:2)
  11 yaks
  A spriggan (D:9)
  3 wyverns
  2 hungry ghosts
  Grum (D:11)
  2 basilisks
  A soldier ant (D:12)
  2 water moccasins
  Purgy (Sewer)
  6 orc warriors
  A porcupine (Lair:1)
  2 sky beasts
  A black bear (D:10)
  2 ice beasts
  An eye of draining (D:10)
  2 phantoms
  2 ogres
  3 wolves (D:11)
  A crocodile (Lair:1)
  2 elf zombies (D:9)
  7 bullfrogs
  A gnoll sergeant (D:10)
  An elf skeleton (D:9)
  A wyvern zombie (D:10)
  A scorpion (D:11)
  11 killer bees (D:9)
  A wyvern skeleton (D:8)
  18 wights
  A howler monkey (D:7)
  2 crimson imps
  2 quasits
  5 human zombies (D:9)
  3 jellies
  6 orc priests
  A centaur zombie (D:6)
  2 centaur skeletons (D:10)
  4 hounds
  3 bullfrog skeletons
  9 iguanas
  Crazy Yiuf (D:4)
  Jessica (D:2)
  Ijyb (D:4)
  Terence (D:3)
  7 orc wizards
  A human skeleton (D:9)
  3 worker ants
  A hell rat (D:8)
  2 hound zombies
  A hound skeleton (D:7)
  A mummy (D:9)
  11 gnolls
  9 adders
  A river rat (D:8)
  2 shadow imps
  An ooze (D:1)
  2 adder skeletons
  8 worms
  6 leopard geckos
  32 orcs
  3 bat zombies (D:6)
  8 giant cockroaches
  6 goblins
  3 hobgoblins
  2 jackals (D:5)
  12 kobolds
  6 quokkas
  A ball python (D:5)
  A ball python skeleton (D:4)
  14 bats
  6 frilled lizards
  A giant cockroach zombie (D:6)
  2 leopard gecko skeletons
  A quokka skeleton (D:4)
  9 rats
  3 rat zombies (D:6)
308 creatures vanquished.

Vanquished Creatures (collateral kills)
  A wyvern (D:8)
  2 sky beasts (D:5)
  An ice beast (D:5)
  A necrophage (D:10)
  2 bullfrogs (D:7)
  3 killer bees (D:9)
  A wight (D:7)
  A howler monkey (D:7)
  A hound (D:10)
  A worker ant (D:7)
  An adder (D:5)
  A shadow imp (D:5)
  3 orcs
  A kobold (D:2)
20 creatures vanquished.

Vanquished Creatures (others)
  A hippogriff zombie (Lair:1)
  A water moccasin zombie (Lair:1)
  A yak skeleton (D:12)
  A wight (Lair:1)
4 creatures vanquished.

Grand Total: 332 creatures vanquished

Notes
Turn   | Place    | Note
-------+----------+-------------------------------------------
     0 | D:1      | Flooderbenga the Demonspawn Gladiator began the quest for the Orb.
     0 | D:1      | Reached XP level 1. HP: 16/16 MP: 1/1
   134 | D:1      | Gained mutation: You are slightly more attuned to the shadows. [demonic ancestry]
   134 | D:1      | Reached XP level 2. HP: 20/22 MP: 2/2
   241 | D:1      | Reached skill level 3 in Polearms
   482 | D:1      | Gained mutation: A weak demonic guardian rushes to your aid. [demonic ancestry]
   482 | D:1      | Reached XP level 3. HP: 28/28 MP: 3/3
  1012 | D:2      | Noticed Sigmund
  1500 | D:2      | Found an iron altar of Okawaru.
  1866 | D:3      | Noticed Terence
  1873 | D:3      | Killed Terence
  1873 | D:3      | Reached skill level 1 in Armour
  1873 | D:3      | Gained mutation: You are significantly more attuned to the shadows. [demonic ancestry]
  1873 | D:3      | Reached XP level 4. HP: 35/35 MP: 4/4
  1947 | D:3      | Found a sacrificial altar of Ru.
  2070 | D:3      | Noticed Grinder
  2091 | D:3      | Killed Grinder
  2091 | D:3      | Reached skill level 4 in Polearms
  2091 | D:3      | Reached skill level 1 in Stealth
  2091 | D:3      | Reached XP level 5. HP: 42/42 MP: 5/5
  2091 | D:3      | Gained mutation: You are partially covered in molten scales. (AC +2) [demonic ancestry]
  2091 | D:3      | Reached XP level 6. HP: 48/48 MP: 6/6
  3111 | D:4      | Found a runed door.
  3135 | D:4      | Noticed Ijyb
  3162 | D:4      | Killed Ijyb
  3261 | D:4      | You fall through a shaft for 3 floors!
  3267 | D:7      | Reached skill level 1 in Shields
  3399 | D:7      | Reached XP level 7. HP: 55/55 MP: 7/7
  3524 | D:7      | Noticed Joseph
  3726 | D:7      | Reached skill level 5 in Polearms
  3987 | D:6      | Found a glowing drain.
  3992 | Sewer    | Entered a sewer
  4081 | Sewer    | Noticed Purgy
  4091 | Sewer    | Killed Purgy
  4091 | Sewer    | Reached skill level 1 in Evocations
  4223 | D:5      | Entered Level 5 of the Dungeon
  4289 | D:5      | Found a stormy altar of Qazlal.
  4311 | D:5      | Gained mutation: You are completely attuned to the shadows. [demonic ancestry]
  4311 | D:5      | Reached XP level 8. HP: 36/61 MP: 7/9
  4485 | D:5      | Reached skill level 5 in Fighting
  4709 | D:4      | Noticed Crazy Yiuf
  4717 | D:4      | Killed Crazy Yiuf
  4794 | D:2      | Noticed Jessica
  4803 | D:2      | Killed Jessica
  5049 | D:2      | Killed Sigmund
  5848 | D:6      | Reached skill level 6 in Polearms
  6153 | D:6      | Found an ancient bone altar of Kikubaaqudgha.
  6241 | D:6      | Found a glowing golden altar of the Shining One.
  6241 | D:6      | Found a hazy altar of Hepliaklqana.
  6242 | D:6      | Found a hazy altar of Hepliaklqana.
  6245 | D:6      | Found an ornate altar of the Wu Jian Council.
  6245 | D:6      | Found an opulent altar of Gozag.
  6245 | D:6      | Found a shimmering altar of Xom.
  6647 | D:7      | Gained mutation: You have a pair of small horns on your head. [demonic ancestry]
  6647 | D:7      | Reached XP level 9. HP: 61/68 MP: 11/11
  6881 | D:8      | Noticed a two-headed ogre
  7457 | D:8      | Found a deep blue altar of Sif Muna.
  7522 | D:8      | Got a crude copper ring
  7710 | D:8      | Noticed a death yak
  7747 | D:8      | Noticed a death yak
  7786 | D:8      | Reached skill level 7 in Polearms
  7869 | D:8      | Noticed a death yak
  8453 | D:9      | Found an opulent altar of Gozag.
  8597 | D:9      | Noticed Erica
  8765 | D:9      | Noticed a troll
  8880 | D:9      | Identified the ring "Ashricw" {rCorr rElec rPois Int+2} (You took it off an orc on level 8 of the Dungeon)
  8887 | D:9      | Gained mutation: Your flesh is heat resistant. (rF+) [potion of mutation]
  8887 | D:9      | Gained mutation: You can translocate small distances at will. [potion of mutation]
  8908 | D:8      | Found a staircase to the Lair.
  9145 | D:9      | Reached skill level 8 in Polearms
  9175 | D:9      | Reached skill level 5 in Dodging
  9179 | D:9      | Reached skill level 5 in Armour
  9314 | D:9      | Reached XP level 10. HP: 73/77 MP: 12/12
  9637 | D:9      | Found a basalt altar of Yredelemnul.
  9648 | D:9      | Became a worshipper of Yredelemnul the Dark
  9935 | D:9      | Found an ornate altar of the Wu Jian Council.
 10254 | D:10     | Entered Level 10 of the Dungeon
 10406 | D:10     | Reached skill level 9 in Polearms
 10565 | D:10     | Noticed a two-headed ogre
 10584 | D:10     | Reached * piety under Yredelemnul
 11330 | D:8      | Killed a two-headed ogre
 11715 | D:7      | Found a staircase to the Ecumenical Temple.
 11721 | Temple   | Entered the Ecumenical Temple
 12198 | D:10     | Found a huge runed gate.
 12198 | D:10     | Found a huge runed gate.
 12199 | D:10     | Found a huge runed gate.
 12200 | D:10     | Found a huge runed gate.
 12201 | D:10     | Noticed a death yak
 12300 | D:11     | Reached XP level 11. HP: 82/86 MP: 11/13
 12324 | D:11     | Reached skill level 1 in Invocations
 12370 | D:11     | Noticed Grum
 12398 | D:11     | Killed Grum
 12579 | D:11     | Reached ** piety under Yredelemnul
 12782 | D:11     | Found Fouxkauj's Antique Weapon Boutique.
 12812 | D:11     | Bought a runed glaive for 342 gold pieces
 13171 | D:12     | Reached skill level 10 in Polearms
 13466 | D:12     | Found a staircase to the Orcish Mines.
 13471 | D:12     | Found a roughly hewn altar of Beogh.
 13485 | D:12     | Reached *** piety under Yredelemnul
 13660 | D:12     | Noticed a four-headed hydra
 13670 | D:12     | Killed a one-headed hydra
 13670 | D:12     | Reached skill level 5 in Invocations
 13671 | D:12     | Noticed Rupert
 13739 | D:10     | Killed a two-headed ogre
 13795 | Lair:1   | Entered Level 1 of the Lair of Beasts
 13941 | Lair:1   | Received a gift from Yredelemnul (a wight)
 13952 | Lair:1   | Mangled by a spiny frog

Skill      XL: |  1  2  3  4  5  6  7  8  9 10 11 |
---------------+----------------------------------+-----
Polearms       | 3 4 5 6 8 9 10 | 10.5
Dodging        | 3 5 6 7 |  7.0
Fighting       | 3 4 5 6 7 8 |  8.6
Armour         | 1 2 3 5 6 7 |  7.0
Stealth        | 1 2 3 |  3.0
Shields        | 1 2 4 |  4.0
Evocations     | 1 3 |  3.0
Invocations    | 6 |  6.2
Throwing       | |  1.7

Action                   |  1- 3 |  4- 6 |  7- 9 | 10-12 || total
-------------------------+-------+-------+-------+-------++-------
Melee: Trident           |   166 |   163 |   584 |   279 ||  1192
       Headbutt          |       |       |    41 |   167 ||   208
       Spear             |       |       |       |   358 ||   358
       Glaive            |       |       |       |    61 ||    61
       Halberd           |       |       |       |    10 ||    10
Throw: Stone             |     2 |     3 |    23 |     5 ||    33
       Throwing net      |     2 |       |     1 |       ||     3
       Tomahawk          |       |       |       |     5 ||     5
Invok: Animate Remains   |       |       |       |     1 ||     1
       Animate Dead      |       |       |       |     4 ||     4
       Recall Undead Sla |       |       |       |     1 ||     1
 Abil: Blink             |       |       |       |     1 ||     1
Evoke: Wand              |       |     5 |     5 |       ||    10
  Use: Scroll            |     5 |     8 |    11 |     6 ||    30
       Potion            |     2 |       |     5 |     3 ||    10
 Stab: Sleeping          |     1 |       |    37 |    34 ||    72
       Paralysed         |       |    15 |       |       ||    15
       Distracted        |       |     1 |       |       ||     1
  Eat: Ration            |     1 |       |     1 |     1 ||     3
       Chunk             |       |     5 |    16 |    14 ||    35
Armor: Chain mail        |    91 |   102 |    23 |       ||   216
       Leather armour    |     2 |       |       |       ||     2
       Troll leather arm |       |       |   126 |   130 ||   256
Dodge: Dodged            |    68 |    39 |   254 |   278 ||   639
Block: Buckler           |       |     9 |    93 |    61 ||   163
